 Dungeon Crawl Stone Soup version 0.17.1-3-g152610e (webtiles) character file.

3331 manyhoops the Thaumaturge (level 9, -2/45 HPs)
             Began as a Deep Elf Air Elementalist on Apr 7, 2016.
             Was a Priest of Sif Muna.
             Killed from afar by an electric eel (14 damage)
             ... with a bolt of electricity
             ... on level 8 of the Dungeon.
             The game lasted 00:47:27 (8636 turns).

manyhoops the Thaumaturge (DEAE)                    Turns: 8636, Time: 00:47:27

Health: -2/45      AC:  9    Str:  5    XL:     9   Next: 71%
Magic:  25/25      EV: 15    Int: 24    God:    Sif Muna [***...]
Gold:   389        SH:  0    Dex: 15    Spells: 8 memorised, 4 levels left

rFire  . . .     SeeInvis .     i - +2 flail (protect)
rCold  . . .     Clarity  .     a - +0 robe
rNeg   . . .     SustAt   .     (no shield)
rPois  .         Gourm    .     (no helmet)
rElec  .         Spirit   .     t - +0 cloak
rCorr  .         Warding  .     (no gloves)
rMut   .         Stasis   .     y - +0 pair of boots
MR     .....                    (no amulet)
Stlth  ++........               (no ring)
                                (no ring)

@: about to teleport, repel missiles, not resistant to hostile enchantments,
unstealthy
A: no striking features
a: Channel Energy, Forget Spell, Renounce Religion


You were on level 8 of the Dungeon.
You worshipped Sif Muna.
Sif Muna was most pleased with you.
You were hungry.

You visited 2 branches of the dungeon, and saw 9 of its levels.

You collected 389 gold pieces.

Inventory:

Hand Weapons
 e - a +0 short sword
 i - a +2 flail of protection (weapon)
 v - a +2 rapier of venom
Armour
 a - a +0 robe (worn)
 t - a +0 cloak (worn)
 y - a +0 pair of boots (worn)
Jewellery
 C - an uncursed ring of teleportation
Wands
 z - a wand of fireball (9)
Scrolls
 g - 2 scrolls of remove curse
 j - 2 scrolls of enchant weapon
 n - a scroll of random uselessness
 p - a scroll of amnesia
 q - 2 scrolls of fog
 s - a scroll of noise
 w - a scroll of magic mapping
 A - 2 scrolls of recharging
 H - a scroll of teleportation
Potions
 f - 6 potions of curing
 h - 3 potions of heal wounds
 k - a potion of cure mutation {unknown}
 l - 3 potions of agility
 m - 3 potions of resistance
 o - a potion of brilliance {unknown}
 r - a potion of invisibility
 u - a potion of cancellation {unknown}
 D - a potion of poison {unknown}
 F - a potion of haste {unknown}
Books
 b - a book of Air

   Spells                             Type                      Level
   a - Shock                          Conjuration/Air              1
   b - Swiftness                      Charms/Air                   2
   c - Repel Missiles                 Charms/Air                   2
   d - Static Discharge               Conjuration/Air              3
   e - Lightning Bolt                 Conjuration/Air              5
 B - a book of Clouds

   Spells                             Type                      Level
   a - Mephitic Cloud                 Conjuration/Poison/Air       3
   b - Conjure Flame                  Conjuration/Fire             3
   c - Poisonous Cloud                Conjuration/Poison/Air       6
   d - Freezing Cloud                 Conjuration/Ice/Air          6
   e - Ring of Flames                 Charms/Fire                  7
Comestibles
 c - 2 bread rations
 d - 4 fruits
 x - 2 meat rations
 E - a royal jelly
 G - a slice of pizza


   Skills:
 * Level 4.9 Dodging
 - Level 2.4 Stealth
 - Level 10.5 Spellcasting
 - Level 9.4 Conjurations
 - Level 0.8 Charms
 - Level 6.3 Air Magic
 - Level 2.9 Invocations
 - Level 1.4 Evocations


You had 4 spell levels left.
You knew the following spells:

 Your Spells              Type           Power        Failure   Level  Hunger
a - Shock                 Conj/Air       ####         1%          1    None
b - Swiftness             Chrm/Air       ####....     1%          2    None
c - Static Discharge      Conj/Air       ######..     1%          3    None
d - Repel Missiles        Chrm/Air       ####..       1%          2    None
e - Lightning Bolt        Conj/Air       ######....   6%          5    ####...
f - Conjure Flame         Conj/Fire      #####...     2%          3    None
g - Mephitic Cloud        Conj/Pois/Air  #####...     1%          3    None
h - Freezing Cloud        Conj/Ice/Air   #####.....   89%         6    #####..


Dungeon Overview and Level Annotations

Branches:
Dungeon (8/15)             Temple (1/1) D:5
   Lair: D:8-11

Altars:
Ashenzari
Cheibriados
Dithmenos
Elyvilon
Gozag
Kikubaaqudgha
Makhleb
Nemelex Xobeh
Okawaru
Qazlal
Ru
Sif Muna
Vehumet
Xom
Yredelemnul
Zin
The Shining One

Annotations:
D:3 manyhoops's ghost, amateur DEAE


Message History

You enter the shallow water.
Moving in this stuff is going to be slow.
You are feeling hungry.
You enter the shallow water.
Moving in this stuff is going to be slow.
The electric eel shoots out a bolt of lightning at you!
The bolt of electricity hits you!
The electric eel shoots out a bolt of lightning at you!
The bolt of electricity hits you!
You enter the shallow water.
Moving in this stuff is going to be slow.
The electric eel shoots out a bolt of lightning at you!
The bolt of electricity hits you!
* * * LOW HITPOINT WARNING * * *
Unknown command.
As you read the scroll of teleportation, it crumbles to dust.
You feel strangely unstable.
The electric eel shoots out a bolt of lightning at you!
The bolt of electricity hits you!
You die...

.≈≈≈≈#.)....#≈≈≈
..≈≈≈........≈≈
...P≈≈≈#......#≈≈
.##..≈≈)###....###.
...P≈≈≈≈#......#≈≈ .
P.≈≈≈≈≈........;≈.#
..##P≈≈≈≈#......#≈≈≈.
#....≈≈###....###≈#.
#..P≈≈#@.....#.≈.#
##..≈≈.......≈≈#
###.≈......≈≈#
##≈≈.....###
#####'### #..# ##''##
#....# #....#


You could see an electric eel.

Vanquished Creatures
  A wyvern (D:8)
  5 yaks (D:6)
  A hippogriff (D:8)
  A sky beast (D:5)
  2 ice beasts
  5 ogres
  An orc warrior (D:8)
  A big kobold (D:7)
  3 giant frogs (D:6)
  A wyvern zombie (D:6)
  4 scorpions
  3 wights (D:6)
  3 killer bees (D:4)
  2 crimson imps (D:8)
  4 orc wizards
  A giant frog zombie (D:6)
  A gnoll shaman (D:8)
  2 hounds
  An iguana (D:7)
  2 giant frog skeletons
  A worker ant (D:5)
  2 hound skeletons (D:4)
  9 gnolls
  10 adders
  A shadow imp (D:8)
  An ooze (D:5)
  An adder zombie (D:8)
  3 adder skeletons
  A worm (D:6)
  12 giant geckos
  26 orcs
  7 bats
  3 giant cockroaches
  20 goblins
  14 hobgoblins
  13 kobolds
  2 quokkas
  5 ball pythons
  5 giant newts
  9 jackals
  8 rats
197 creatures vanquished.

Vanquished Creatures (others)
  11 fungi (D:4)
11 creatures vanquished.

Grand Total: 208 creatures vanquished

Notes
Turn   | Place    | Note
--------------------------------------------------------------
     0 | D:1      | manyhoops the Deep Elf Air Elementalist began the quest for the Orb.
     0 | D:1      | Reached XP level 1. HP: 10/10 MP: 6/6
   236 | D:1      | Reached XP level 2. HP: 15/15 MP: 6/8
   737 | D:2      | Reached XP level 3. HP: 19/19 MP: 6/10
   741 | D:2      | Learned a level 2 spell: Swiftness
   745 | D:2      | Learned a level 3 spell: Static Discharge
   754 | D:2      | Found a basalt altar of Yredelemnul.
   799 | D:2      | Reached skill level 4 in Spellcasting
   803 | D:2      | Learned a level 2 spell: Repel Missiles
  1181 | D:2      | Found a glowing silver altar of Zin.
  1664 | D:3      | Reached XP level 4. HP: 24/24 MP: 8/12
  1811 | D:3      | Reached skill level 5 in Spellcasting
  2164 | D:3      | Noticed manyhoops's ghost (amateur DEAE)
  2481 | D:3      | Reached XP level 5. HP: 28/28 MP: 0/15
  2839 | D:4      | Reached skill level 6 in Spellcasting
  3106 | D:4      | Learned a level 5 spell: Lightning Bolt
  3107 | D:4      | Noticed an ogre
  3227 | D:4      | Found an iron altar of Okawaru.
  3232 | D:4      | Found a stormy altar of Qazlal.
  3286 | D:4      | Reached XP level 6. HP: 16/32 MP: 5/17
  3311 | D:4      | Killed an ogre
  3501 | D:4      | Found an opulent altar of Gozag.
  3620 | D:4      | Reached skill level 5 in Conjurations
  3713 | D:4      | Reached XP level 7. HP: 36/36 MP: 9/18
  3787 | D:4      | Found a shattered altar of Ashenzari.
  4042 | D:5      | Entered Level 5 of the Dungeon
  4048 | D:5      | Found a staircase to the Ecumenical Temple.
  4103 | Temple   | Entered the Ecumenical Temple
  4405 | Temple   | Became a worshipper of Sif Muna the Loreminder
  4613 | D:5      | Reached skill level 7 in Spellcasting
  4881 | D:5      | Reached skill level 5 in Air Magic
  5034 | D:5      | Reached * piety under Sif Muna
  5092 | D:5      | Found a burning altar of Makhleb.
  5240 | D:5      | Learned a level 3 spell: Conjure Flame
  5244 | D:5      | Learned a level 3 spell: Mephitic Cloud
  5334 | D:6      | Reached XP level 8. HP: 34/41 MP: 7/20
  5478 | D:6      | Noticed a yak
  5478 | D:6      | Noticed a yak
  5478 | D:6      | Noticed a yak
  5509 | D:6      | Killed a yak
  5525 | D:6      | Noticed a yak
  5536 | D:6      | Killed a yak
  5536 | D:6      | Reached skill level 1 in Evocations
  5538 | D:6      | Noticed a yak
  5673 | D:6      | Reached ** piety under Sif Muna
  6174 | D:6      | Killed a yak
  6174 | D:6      | Reached skill level 8 in Conjurations
  6178 | D:6      | Killed a yak
  6178 | D:6      | Reached skill level 9 in Conjurations
  6332 | D:6      | Killed a yak
  6471 | D:6      | Reached skill level 1 in Invocations
  6479 | D:6      | Reached XP level 9. HP: 41/45 MP: 4/22
  7253 | D:7      | Reached *** piety under Sif Muna
  7538 | D:8      | Reached skill level 10 in Spellcasting
  8087 | D:8      | Found a snail-covered altar of Cheibriados.
  8087 | D:8      | Found a radiant altar of Vehumet.
  8168 | D:8      | Found a sparkling altar of Nemelex Xobeh.
  8533 | D:8      | Learned a level 6 spell: Freezing Cloud
  8636 | D:8      | Killed from afar by an electric eel

Action                   |  1- 3 |  4- 6 |  7- 9 || total
-------------------------+-------+-------+-------++-------
Melee: Unarmed           |     1 |       |       ||     1
       Flail             |       |       |    53 ||    53
 Cast: Shock             |    87 |    93 |   143 ||   323
       Static Discharge  |     2 |    16 |    46 ||    64
       Swiftness         |       |     1 |     3 ||     4
       Lightning Bolt    |       |       |    36 ||    36
       Conjure Flame     |       |       |     5 ||     5
       Repel Missiles    |       |       |     1 ||     1
Invok: Channel Energy    |       |       |     4 ||     4
Evoke: Wand              |       |       |     4 ||     4
  Use: Scroll            |       |     6 |    13 ||    19
       Potion            |       |       |     2 ||     2
 Stab: Sleeping          |     1 |       |     1 ||     2
  Eat: Meat ration       |     1 |       |     1 ||     2
       Chunk             |       |     3 |     4 ||     7
       Bread ration      |       |     1 |     2 ||     3
       Beef jerky        |       |       |     1 ||     1
